| TOP OF THE 1ST |
|
Iowa Oaks batting - Pitching for Tulsa Drillers : RHP Luis Garcia
|
|
Pitching: RHP Luis Garcia
|
|
|
Batting: LHB Gary Jones
|
0-0: Bunted foul 0-1: Ball 1-1: Ball 2-1: Swinging Strike 2-2: Ball 3-2: Ground out U3 (Groundball, 3, EV 87.5 MPH)
|
|
Batting: SHB Rod Craig
|
0-0: Called Strike 0-1: Called Strike 0-2: Strikes out swinging
|
|
Batting: LHB Ronald Little
|
0-0: Called Strike 0-1: Foul Ball, location: 2F 0-2: Fly out, F7 (Line Drive, 78M, EV 87.5 MPH)
|
| Top of the 1st over - 0 runs, 0 hits, 0 errors, 0 left on base; Iowa 0 - Tulsa 0 |
| BOTTOM OF THE 1ST |
|
Tulsa Drillers batting - Pitching for Iowa Oaks : RHP Dwight Gooden
|
|
Pitching: RHP Dwight Gooden
|
|
|
Batting: SHB Paul Householder
|
0-0: Ball 1-0: Ground out 4-3 (Groundball, 4, EV 83.1 MPH)
|
|
Batting: RHB Victor Rios
|
0-0: Ball 1-0: Ball 2-0: Called Strike 2-1: Foul Ball, location: 2F 2-2: Ball 3-2: Ground out 1-3 (Groundball, 15, EV 63.1 MPH)
|
|
Batting: LHB Jim Adduci
|
0-0: Foul Ball, location: 2F 0-1: Swinging Strike 0-2: Strikes out swinging
|
| Bottom of the 1st over - 0 runs, 0 hits, 0 errors, 0 left on base; Iowa 0 - Tulsa 0 |
| TOP OF THE 2ND |
|
Iowa Oaks batting - Pitching for Tulsa Drillers : RHP Luis Garcia
|
|
Batting: SHB Mike Turgeon
|
0-0: Foul Ball, location: 2F 0-1: Fly out, F6 (Flyball, 56D, EV 87.5 MPH)
|
|
Batting: RHB Dave F Schmidt
|
0-0: Ball 1-0: Called Strike 1-1: Ball 2-1: Foul Ball, location: 2F 2-2: Foul Ball, location: 2F 2-2: Foul Ball, location: 2F 2-2: Ground out 4-3 (Groundball, 4, EV 94.4 MPH)
|
|
Batting: RHB Mark Benson
|
0-0: Ball 1-0: Fly out, F6 (Flyball, 56D, EV 85.0 MPH)
|
| Top of the 2nd over - 0 runs, 0 hits, 0 errors, 0 left on base; Iowa 0 - Tulsa 0 |
| BOTTOM OF THE 2ND |
|
Tulsa Drillers batting - Pitching for Iowa Oaks : RHP Dwight Gooden
|
|
Batting: LHB Mike Pagliarulo
|
0-0: Ball 1-0: Called Strike 1-1: Ball 2-1: Foul Ball, location: 2F 2-2: Ball 3-2: Base on Balls
|
|
Batting: SHB Luis Quinones
|
0-0: Ball Wild Pitch! Mike Pagliarulo to second 1-0: Swinging Strike 1-1: Called Strike 1-2: Strikes out looking
|
|
Batting: RHB Bob Grandas
|
0-0: Ball 1-0: Called Strike 1-1: Foul Ball, location: 2F 1-2: Ground out 6-3 (Groundball, 6, EV 99.4 MPH)
|
|
Batting: RHB Steve Herz
|
0-0: Ball 1-0: Ball 2-0: Ball 3-0: Called Strike 3-1: Base on Balls
|
|
Batting: RHB Nick Belmonte
|
0-0: Fly out, F7 (Flyball, 7S, EV 90.0 MPH)
|
| Bottom of the 2nd over - 0 runs, 0 hits, 0 errors, 2 left on base; Iowa 0 - Tulsa 0 |
| TOP OF THE 3RD |
|
Iowa Oaks batting - Pitching for Tulsa Drillers : RHP Luis Garcia
|
|
Batting: RHB Edgar Flores
|
0-0: Ball 1-0: Ball 2-0: Ball 3-0: Base on Balls
|
|
Batting: RHB Ronald Hess
|
0-0: Ball 1-0: Ball 2-0: Ball 3-0: Base on Balls Edgar Flores to second
|
|
Batting: LHB Wayne Krenchicki
|
0-0: Called Strike 0-1: Ball 1-1: Grounds into double play, 4-6-3 (Groundball, 4S, EV 83.8 MPH) Edgar Flores to third
|
|
Batting: LHB Gary Jones
|
0-0: Ball 1-0: Ball 2-0: Ball 3-0: Base on Balls
|
|
Batting: SHB Rod Craig
|
0-0: Ball 1-0: Ball 2-0: Foul Ball, location: 2F 2-1: Ball 3-1: Fly out, F8 (Flyball, 8LD, EV 88.1 MPH)
|
| Top of the 3rd over - 0 runs, 0 hits, 0 errors, 2 left on base; Iowa 0 - Tulsa 0 |
| BOTTOM OF THE 3RD |
|
Tulsa Drillers batting - Pitching for Iowa Oaks : RHP Dwight Gooden
|
|
Batting: RHB Onix Concepcion
|
0-0: Ball 1-0: Swinging Strike 1-1: DOUBLE (Line Drive, 9LD, EV 106.3 MPH)
|
|
Batting: SHB Paul Householder
|
0-0: Foul Ball, location: 2F 0-1: Ball 1-1: Called Strike Onix Concepcion steals 3rd base 1-2: Ground out 4-3 (Groundball, 4, EV 99.4 MPH) Onix Concepcion scores
|
|
Batting: RHB Victor Rios
|
0-0: Called Strike 0-1: Swinging Strike 0-2: Ball 1-2: Foul Ball, location: 2F 1-2: Fly out, F7 (Line Drive, 7, EV 85.0 MPH)
|
|
Batting: LHB Jim Adduci
|
0-0: Swinging Strike 0-1: Foul Ball, location: 2F 0-2: Ball 1-2: Ground out 1-3 (Groundball, 34S, EV 65.0 MPH)
|
| Bottom of the 3rd over - 1 run, 1 hit, 0 errors, 0 left on base; Iowa 0 - Tulsa 1 |
| TOP OF THE 4TH |
|
Iowa Oaks batting - Pitching for Tulsa Drillers : RHP Luis Garcia
|
|
Batting: LHB Ronald Little
|
0-0: Called Strike 0-1: Ball 1-1: Swinging Strike 1-2: Fly out, F9 (Line Drive, 9, EV 100.0 MPH)
|
|
Batting: SHB Mike Turgeon
|
0-0: Called Strike 0-1: Foul Ball, location: 2F 0-2: Ground out 4-3 (Groundball, 4, EV 109.4 MPH)
|
|
Batting: RHB Dave F Schmidt
|
0-0: Ball 1-0: Called Strike 1-1: SINGLE (Groundball, 56, EV 81.3 MPH) (infield hit)
|
|
Batting: RHB Mark Benson
|
0-0: Ball 1-0: Foul Ball, location: 2F 1-1: Ball 2-1: Swinging Strike 2-2: Strikes out swinging
|
| Top of the 4th over - 0 runs, 1 hit, 0 errors, 1 left on base; Iowa 0 - Tulsa 1 |
| BOTTOM OF THE 4TH |
|
Tulsa Drillers batting - Pitching for Iowa Oaks : RHP Dwight Gooden
|
|
Batting: LHB Mike Pagliarulo
|
0-0: Fly out, F8 (Line Drive, 8LM, EV 86.3 MPH)
|
|
Batting: SHB Luis Quinones
|
0-0: Ball 1-0: Ground out 1-3 (Groundball, 15S, EV 65.6 MPH)
|
|
Batting: RHB Bob Grandas
|
0-0: Ball 1-0: Ball 2-0: Called Strike 2-1: Foul Ball, location: 2F 2-2: Ground out 4-3 (Groundball, 34, EV 107.5 MPH)
|
| Bottom of the 4th over - 0 runs, 0 hits, 0 errors, 0 left on base; Iowa 0 - Tulsa 1 |
| TOP OF THE 5TH |
|
Iowa Oaks batting - Pitching for Tulsa Drillers : RHP Luis Garcia
|
|
Batting: RHB Edgar Flores
|
0-0: Swinging Strike 0-1: Called Strike 0-2: Ball 1-2: Foul Ball, location: 2F 1-2: Foul Ball, location: 2F 1-2: Fly out, F7 (Flyball, 7S, EV 91.3 MPH)
|
|
Batting: RHB Ronald Hess
|
0-0: Ball 1-0: Swinging Strike 1-1: Foul Ball, location: 2F 1-2: Ball 2-2: Ball 3-2: Foul Ball, location: 2F 3-2: Foul Ball, location: 2F 3-2: SINGLE (Line Drive, 8RS, EV 111.9 MPH)
|
|
Batting: LHB Wayne Krenchicki
|
0-0: Ball 1-0: Foul Ball, location: 2F 1-1: SINGLE (Groundball, 4D, EV 99.4 MPH) Ronald Hess to second Runner from 2nd tries for 3rd, SAFE, throw by CF made to third
|
|
Batting: LHB Gary Jones
|
0-0: Foul Ball, location: 2F 0-1: Ball 1-1: Called Strike 1-2: Ball 2-2: Foul Ball, location: 2F 2-2: Strikes out swinging
|
|
Batting: SHB Rod Craig
|
0-0: Ball 1-0: Ball 2-0: Fielders Choice at 2nd, 6-4 (Groundball, 6, EV 106.9 MPH)
|
| Top of the 5th over - 0 runs, 2 hits, 0 errors, 2 left on base; Iowa 0 - Tulsa 1 |
| BOTTOM OF THE 5TH |
|
Tulsa Drillers batting - Pitching for Iowa Oaks : RHP Dwight Gooden
|
|
Batting: RHB Steve Herz
|
0-0: Called Strike 0-1: Ball 1-1: Ball 2-1: Called Strike 2-2: Ball 3-2: Foul Ball, location: 2F 3-2: Base on Balls
|
|
Batting: RHB Nick Belmonte
|
0-0: Ball Steve Herz steals 2nd base 1-0: Ball 2-0: Ball 3-0: Called Strike 3-1: Called Strike 3-2: Foul Ball, location: 2F 3-2: Foul Ball, location: 2F 3-2: Ground out 6-3 (Groundball, 6, EV 86.3 MPH) Steve Herz to third
|
|
Batting: RHB Onix Concepcion
|
0-0: Called Strike 0-1: Ball 1-1: Ball 2-1: Swinging Strike 2-2: Strikes out swinging
|
|
Batting: SHB Paul Householder
|
0-0: Fly out, F5 (Popup, 5SF, EV 84.4 MPH)
|
| Bottom of the 5th over - 0 runs, 0 hits, 0 errors, 1 left on base; Iowa 0 - Tulsa 1 |
| TOP OF THE 6TH |
|
Iowa Oaks batting - Pitching for Tulsa Drillers : RHP Luis Garcia
|
|
Batting: LHB Ronald Little
|
0-0: Called Strike 0-1: Ball 1-1: Foul Ball, location: 2F 1-2: Ball 2-2: Ball 3-2: Foul Ball, location: 2F 3-2: Foul Ball, location: 2F 3-2: Strikes out swinging
|
|
Batting: SHB Mike Turgeon
|
0-0: Ground out 4-3 (Groundball, 4D, EV 103.1 MPH)
|
|
Batting: RHB Dave F Schmidt
|
0-0: Ball 1-0: TRIPLE (Flyball, 8LXD, EV 88.1 MPH)
|
|
Batting: RHB Mark Benson
|
0-0: Ball 1-0: Ball 2-0: Fly out, F7 (Flyball, 7LS, EV 85.0 MPH)
|
| Top of the 6th over - 0 runs, 1 hit, 0 errors, 1 left on base; Iowa 0 - Tulsa 1 |
| BOTTOM OF THE 6TH |
|
Tulsa Drillers batting - Pitching for Iowa Oaks : RHP Dwight Gooden
|
|
Batting: RHB Victor Rios
|
0-0: Ball 1-0: Ball 2-0: Called Strike 2-1: Foul Ball, location: 2F 2-2: Fly out, F2 (Popup, 25F, EV 82.5 MPH)
|
|
Batting: LHB Jim Adduci
|
0-0: Called Strike 0-1: Fly out, F6 (Popup, 6MD, EV 58.1 MPH)
|
|
Batting: LHB Mike Pagliarulo
|
0-0: Ball 1-0: Swinging Strike 1-1: Ball 2-1: Foul Ball, location: 2F 2-2: Strikes out swinging
|
| Bottom of the 6th over - 0 runs, 0 hits, 0 errors, 0 left on base; Iowa 0 - Tulsa 1 |
| TOP OF THE 7TH |
|
Iowa Oaks batting - Pitching for Tulsa Drillers : RHP Luis Garcia
|
|
Batting: RHB Edgar Flores
|
0-0: Foul Ball, location: 2F 0-1: Ball 1-1: Ball 2-1: Ball 3-1: Fly out, F8 (Flyball, 89M, EV 76.9 MPH)
|
|
Batting: RHB Ronald Hess
|
0-0: Ball 1-0: Ball 2-0: Ball 3-0: Base on Balls
|
|
Batting: LHB Wayne Krenchicki
|
0-0: Called Strike 0-1: Ball 1-1: Ball 2-1: Fly out, F9 (Line Drive, 9, EV 84.4 MPH)
|
|
Batting: LHB Gary Jones
|
0-0: Ground out 4-3 (Groundball, 4, EV 103.1 MPH)
|
| Top of the 7th over - 0 runs, 0 hits, 0 errors, 1 left on base; Iowa 0 - Tulsa 1 |
| BOTTOM OF THE 7TH |
|
Tulsa Drillers batting - Pitching for Iowa Oaks : RHP Dwight Gooden
|
|
Batting: SHB Luis Quinones
|
0-0: Ball 1-0: Ball 2-0: Ball 3-0: Swinging Strike 3-1: Base on Balls
|
|
Batting: RHB Bob Grandas
|
0-0: Ball Luis Quinones is caught stealing 2nd base 2-4 1-0: Foul Ball, location: 2F 1-1: Fly out, F7 (Flyball, 7, EV 83.1 MPH)
|
|
Batting: RHB Steve Herz
|
0-0: Ball 1-0: Ball 2-0: Ball 3-0: Called Strike 3-1: SINGLE (Groundball, 6S, EV 69.4 MPH) (infield hit)
|
|
Batting: RHB Nick Belmonte
|
0-0: Ball 1-0: Ball 2-0: Ball 3-0: Called Strike 3-1: Base on Balls Steve Herz to second
|
|
Batting: RHB Onix Concepcion
|
0-0: Called Strike 0-1: Ball 1-1: Fielders Choice at 2nd, 6-4 (Groundball, 6, EV 86.3 MPH)
|
| Bottom of the 7th over - 0 runs, 1 hit, 0 errors, 2 left on base; Iowa 0 - Tulsa 1 |
| TOP OF THE 8TH |
|
Iowa Oaks batting - Pitching for Tulsa Drillers : RHP Luis Garcia
|
|
Batting: SHB Rod Craig
|
0-0: Swinging Strike 0-1: Foul Ball, location: 2F 0-2: Ball 1-2: Ball 2-2: Strikes out swinging
|
|
Batting: LHB Ronald Little
|
0-0: Ball 1-0: Ball 2-0: Foul Ball, location: 2F 2-1: Foul Ball, location: 2F 2-2: Ball 3-2: Ground out 4-3 (Groundball, 4S, EV 84.4 MPH)
|
|
Batting: SHB Mike Turgeon
|
0-0: Ball 1-0: Ground out 6-3 (Groundball, 6, EV 101.9 MPH)
|
| Top of the 8th over - 0 runs, 0 hits, 0 errors, 0 left on base; Iowa 0 - Tulsa 1 |
| BOTTOM OF THE 8TH |
|
Tulsa Drillers batting - Pitching for Iowa Oaks : RHP Dwight Gooden
|
|
Batting: SHB Paul Householder
|
0-0: Ball 1-0: Foul Ball, location: 2F 1-1: Fly out, F7 (Flyball, 78D, EV 102.5 MPH)
|
|
Batting: RHB Victor Rios
|
0-0: SINGLE (Groundball, 6MD, EV 96.3 MPH)
|
|
Batting: LHB Jim Adduci
|
0-0: Called Strike 0-1: Called Strike 0-2: Foul Ball, location: 2F 0-2: Strikes out swinging
|
|
Batting: LHB Mike Pagliarulo
|
0-0: Ball 1-0: Ground out 4-3 (Groundball, 34, EV 87.5 MPH)
|
| Bottom of the 8th over - 0 runs, 1 hit, 0 errors, 1 left on base; Iowa 0 - Tulsa 1 |
| TOP OF THE 9TH |
|
Iowa Oaks batting - Pitching for Tulsa Drillers : RHP Luis Garcia
|
|
Batting: RHB Dave F Schmidt
|
0-0: Ball 1-0: Ball 2-0: Called Strike 2-1: Foul Ball, location: 2F 2-2: Strikes out looking
|
|
Batting: RHB Mark Benson
|
0-0: Ball 1-0: Ball 2-0: SOLO HOME RUN (Flyball, 78XD, EV 98.8 MPH), Distance : 410 ft
|
|
Pitching: RHP David Melendez
|
|
|
Batting: RHB Edgar Flores
|
0-0: Swinging Strike 0-1: Ground out 5-3 (Groundball, 56S, EV 90.6 MPH)
|
|
Pinch Hitting: LHB Donald Johnson
|
0-0: Called Strike 0-1: Called Strike 0-2: Strikes out looking
|
| Top of the 9th over - 1 run, 1 hit, 0 errors, 0 left on base; Iowa 1 - Tulsa 1 |
| BOTTOM OF THE 9TH |
|
Tulsa Drillers batting - Pitching for Iowa Oaks : RHP Dwight Gooden
|
|
Now at 2B: Mike Richardt
|
|
|
Batting: SHB Luis Quinones
|
0-0: Ground out 1-3 (Groundball, P, EV 63.8 MPH)
|
|
Batting: LHB Randy Braun
|
0-0: Ball 1-0: Foul Ball, location: 2F 1-1: Ball 2-1: DOUBLE (Flyball, 89XD, EV 95.6 MPH)
|
|
Pinch Hitting: LHB Casey Parsons
|
0-0: Intentional Walk
|
|
Batting: RHB Nick Belmonte
|
0-0: Ground out 6-3 (Groundball, 4MS, EV 84.4 MPH) Randy Braun to third Casey Parsons to second
|
|
Batting: RHB Onix Concepcion
|
0-0: Foul Ball, location: 2F 0-1: Ball 1-1: Foul Ball, location: 2F 1-2: Ball 2-2: Ground out 4-3 (Groundball, 34, EV 101.9 MPH)
|
| Bottom of the 9th over - 0 runs, 1 hit, 0 errors, 2 left on base; Iowa 1 - Tulsa 1 |
| TOP OF THE 10TH |
|
Iowa Oaks batting - Pitching for Tulsa Drillers : RHP David Melendez
|
|
Now at C: Bob E Johnson
|
|
|
Batting: LHB Wayne Krenchicki
|
0-0: Ball 1-0: Ball 2-0: Ball 3-0: Called Strike 3-1: Foul Ball, location: 2F 3-2: Base on Balls
|
|
Batting: LHB Gary Jones
|
0-0: Called Strike 0-1: Ball 1-1: Ball 2-1: Ball 3-1: Called Strike 3-2: Foul Ball, location: 2F 3-2: Base on Balls Wayne Krenchicki to second
|
|
Batting: SHB Rod Craig
|
0-0: Ball 1-0: Ball 2-0: Called Strike 2-1: Fielders Choice at 2nd, 4-6 (Groundball, 4, EV 100.0 MPH) Wayne Krenchicki to third
|
|
Batting: LHB Ronald Little
|
0-0: Ball 1-0: Ball Rod Craig steals 2nd base (no throw) 2-0: Intentional Walk
|
|
Batting: SHB Mike Turgeon
|
0-0: Called Strike 0-1: Called Strike 0-2: Strikes out swinging
|
|
Batting: RHB Dave F Schmidt
|
0-0: Ball 1-0: Swinging Strike 1-1: Ball 2-1: Called Strike 2-2: Strikes out swinging
|
| Top of the 10th over - 0 runs, 0 hits, 0 errors, 3 left on base; Iowa 1 - Tulsa 1 |
| BOTTOM OF THE 10TH |
|
Tulsa Drillers batting - Pitching for Iowa Oaks : RHP Dwight Gooden
|
|
Pitching: RHP DeWayne Buice
|
|
|
Batting: SHB Paul Householder
|
0-0: Foul Ball, location: 2F 0-1: Ground out 4-3 (Groundball, 34, EV 83.8 MPH)
|
|
Batting: RHB Victor Rios
|
0-0: Ball 1-0: Called Strike 1-1: Swinging Strike 1-2: Ball 2-2: Foul Ball, location: 2F 2-2: Ball 3-2: Fly out, F2 (Popup, 5SF, EV 76.3 MPH)
|
|
Batting: LHB Jim Adduci
|
0-0: Ball 1-0: Fly out, F8 (Flyball, 8LD, EV 91.3 MPH)
|
| Bottom of the 10th over - 0 runs, 0 hits, 0 errors, 0 left on base; Iowa 1 - Tulsa 1 |
| TOP OF THE 11TH |
|
Iowa Oaks batting - Pitching for Tulsa Drillers : RHP David Melendez
|
|
Pitching: LHP Jeff Schneider
|
|
|
Batting: RHB Mark Benson
|
0-0: Ball 1-0: Swinging Strike 1-1: Ball 2-1: Fly out, F8 (Flyball, 8LS, EV 90.6 MPH)
|
|
Batting: RHB Edgar Flores
|
0-0: Ball 1-0: Ball 2-0: Foul Ball, location: 2F 2-1: Ground out 6-3 (Groundball, 6, EV 83.8 MPH)
|
|
Batting: RHB Mike Richardt
|
0-0: Ball 1-0: Fly out, F3 (Popup, 3SF, EV 71.9 MPH)
|
| Top of the 11th over - 0 runs, 0 hits, 0 errors, 0 left on base; Iowa 1 - Tulsa 1 |
| BOTTOM OF THE 11TH |
|
Tulsa Drillers batting - Pitching for Iowa Oaks : RHP DeWayne Buice
|
|
Batting: LHB Mike Pagliarulo
|
0-0: Ball 1-0: Ball 2-0: Ball 3-0: Base on Balls
|
|
Batting: SHB Luis Quinones
|
0-0: Called Strike 0-1: Ball 1-1: Ball 2-1: Ball 3-1: Fly out, F8 (Line Drive, 8RD, EV 98.1 MPH)
|
|
Now in CF: Michael Pace
|
|
|
Batting: LHB Randy Braun
|
0-0: Called Strike 0-1: Ball 1-1: Ball 2-1: Called Strike 2-2: SINGLE (Groundball, 6MD, EV 105.6 MPH) Mike Pagliarulo to second
|
|
Batting: RHB Bob E Johnson
|
0-0: Called Strike 0-1: Foul Ball, location: 2F 0-2: Strikes out swinging
|
|
Batting: RHB Nick Belmonte
|
0-0: Called Strike 0-1: Swinging Strike 0-2: Ball 1-2: Foul Ball, location: 2F 1-2: Ground out 5-3 (Groundball, 56S, EV 65.6 MPH)
|
| Bottom of the 11th over - 0 runs, 1 hit, 0 errors, 2 left on base; Iowa 1 - Tulsa 1 |
| TOP OF THE 12TH |
|
Iowa Oaks batting - Pitching for Tulsa Drillers : LHP Jeff Schneider
|
|
Batting: LHB Wayne Krenchicki
|
0-0: Ball 1-0: Foul Ball, location: 2F 1-1: Fly out, F8 (Flyball, 78M, EV 81.9 MPH)
|
|
Batting: LHB Gary Jones
|
0-0: Fly out, F8 (Flyball, 8RXD, EV 109.4 MPH)
|
|
Batting: SHB Rod Craig
|
0-0: Ball 1-0: Swinging Strike 1-1: Foul Ball, location: 2F 1-2: SINGLE (Line Drive, 8RS, EV 98.1 MPH)
|
|
Batting: SHB Michael Pace
|
0-0: Called Strike Rod Craig steals 2nd, throwing error, E2 Rod Craig to third 0-1: Fly out, F7 (Flyball, 78D, EV 108.8 MPH)
|
| Top of the 12th over - 0 runs, 1 hit, 1 error, 1 left on base; Iowa 1 - Tulsa 1 |
| BOTTOM OF THE 12TH |
|
Tulsa Drillers batting - Pitching for Iowa Oaks : RHP DeWayne Buice
|
|
Batting: RHB Onix Concepcion
|
0-0: Called Strike 0-1: DOUBLE (Flyball, 8RXD, EV 93.1 MPH)
|
|
Batting: SHB Paul Householder
|
0-0: Swinging Strike 0-1: Ball 1-1: Fly out, F9 (Flyball, 9LS, EV 78.8 MPH)
|
|
Batting: RHB Victor Rios
|
0-0: Ball 1-0: Ball 2-0: Foul Ball, location: 2F 2-1: Called Strike 2-2: Fly out, F7 (Flyball, 7D, EV 102.5 MPH) Runner from 2nd tags up, SAFE at 3rd, no throw by LF
|
|
Pitching: RHP Sergio Peralta
|
|
|
Batting: LHB Jim Adduci
|
0-0: Called Strike 0-1: Fly out, F7 (Flyball, 7, EV 91.9 MPH)
|
| Bottom of the 12th over - 0 runs, 1 hit, 0 errors, 1 left on base; Iowa 1 - Tulsa 1 |
| TOP OF THE 13TH |
|
Iowa Oaks batting - Pitching for Tulsa Drillers : LHP Jeff Schneider
|
|
Batting: SHB Mike Turgeon
|
0-0: Ball 1-0: Ball 2-0: Called Strike 2-1: Fly out, F8 (Flyball, 78D, EV 94.4 MPH)
|
|
Batting: RHB Dave F Schmidt
|
0-0: Ball 1-0: Called Strike 1-1: Ball 2-1: Ball 3-1: Base on Balls
|
|
Batting: RHB Mark Benson
|
0-0: Called Strike 0-1: Foul Ball, location: 2F 0-2: Foul Ball, location: 2F 0-2: Ball 1-2: Ball 2-2: Fly out, F8 (Flyball, 8LD, EV 87.5 MPH)
|
|
Batting: RHB Edgar Flores
|
0-0: Foul Ball, location: 2F 0-1: Ball 1-1: Ball 2-1: Reached on error, E6 (Groundball, 6, EV 78.1 MPH) Dave F Schmidt to second
|
|
Batting: RHB Mike Richardt
|
0-0: Called Strike 0-1: Ball 1-1: Ground out 4-3 (Groundball, 4, EV 105.0 MPH)
|
| Top of the 13th over - 0 runs, 0 hits, 1 error, 2 left on base; Iowa 1 - Tulsa 1 |
| BOTTOM OF THE 13TH |
|
Tulsa Drillers batting - Pitching for Iowa Oaks : RHP Sergio Peralta
|
|
Batting: LHB Mike Pagliarulo
|
0-0: Ball 1-0: Called Strike 1-1: Called Strike 1-2: Fly out, F7 (Line Drive, 7, EV 98.1 MPH)
|
|
Batting: SHB Luis Quinones
|
0-0: Ball 1-0: Ball 2-0: SINGLE (Groundball, 56D, EV 94.4 MPH)
|
|
Batting: LHB Randy Braun
|
0-0: Ball 1-0: Ball Luis Quinones steals 2nd base (no throw) 2-0: Intentional Walk
|
|
Batting: RHB Bob E Johnson
|
0-0: Foul Ball, location: 2F 0-1: Ball 1-1: Swinging Strike 1-2: Ball 2-2: Foul Ball, location: 2F 2-2: Foul Ball, location: 2F 2-2: Foul Ball, location: 2F 2-2: Foul Ball, location: 2F 2-2: Foul Ball, location: 2F 2-2: Strikes out swinging
|
|
Batting: RHB Nick Belmonte
|
0-0: Called Strike 0-1: Called Strike 0-2: Foul Ball, location: 2F 0-2: SINGLE (Groundball, 6D, EV 101.9 MPH) Luis Quinones to third Randy Braun to second Runner from 3rd tries for Home, SAFE, throw by CF to home
|
| Bottom of the 13th over - 1 run, 2 hits, 0 errors, 0 left on base; Iowa 1 - Tulsa 2 |
|